 Dungeon Crawl Stone Soup version 0.18.1-50-g88ac8fd (webtiles) character file.

19055 SofaKingKewl the Geomancer (level 13, -3/88 HPs)
             Began as a Formicid Earth Elementalist on Oct 20, 2016.
             Was a High Priest of Dithmenos.
             Splashed by an oklob plant's acid (11 damage)
             ... on level 3 of the Lair of Beasts.
             The game lasted 00:53:41 (21207 turns).

SofaKingKewl the Geomancer (FoEE)                  Turns: 21207, Time: 00:53:41

Health: -3/88      AC: -1    Str: 14    XL:     13   Next: 1%
Magic:  26/26      EV: 16    Int: 27    God:    Dithmenos [*****.]
Gold:   219        SH:  5    Dex: 11    Spells: 5 memorised, 16 levels left

rFire  + . .     SeeInvis +     I - +8 great sword of Conscience {drain, *Noise rF+ rN+ Int+6}
rCold  . . .     Gourm    .     p - +1 leather armour {rPois}
rNeg   + . .     Faith    .     o - +0 buckler
rPois  +         Spirit   .     (helmet unavailable)
rElec  +         Dismiss  .     n - +2 cloak
rCorr  .         Reflect  .     v - +0 pair of gloves
SustAt .         Harm     .     h - +0 pair of boots
MR     ++...                    (no amulet)
Stlth  ++++++....               x - +2 ring of evasion
                                P - ring of protection from magic

@: corroded, wreathed by umbra, very resistant to hostile enchantments, very
stealthy
A: permanent stasis, dig shafts and tunnels, four strong arms, antennae 3,
clever 1, electricity resistance
a: Dig, Shaft Self, Shadow Step, Shadow Form, Renounce Religion


You were on level 3 of the Lair of Beasts.
You worshipped Dithmenos.
Dithmenos was extremely pleased with you.
You were hungry.

You visited 3 branches of the dungeon, and saw 15 of its levels.

You collected 655 gold pieces.
You spent 436 gold pieces at shops.

Inventory:

Hand Weapons
 t - a +1 rapier
 I - the +8 great sword of Conscience (weapon) {drain, *Noise rF+ rN+ Int+6}
   (You found it on level 8 of the Dungeon)

   A truly terrible weapon, it drains the life of those it strikes.
   It affects your intelligence (+6).
   It protects you from fire.
   It protects you from negative energy.
   It may make noises in combat.
 Q - a +1 dagger of venom
Missiles
 b - 260 stones (quivered)
Armour
 h - a +0 pair of boots (worn)
 l - a +0 fire dragon armour
 n - a +2 cloak (worn)
 o - a +0 buckler (worn)
 p - a +1 leather armour of poison resistance (worn)
 q - a +1 robe of magic resistance
 v - a +0 pair of gloves (worn)
 H - a +0 shield
Jewellery
 x - a +2 ring of evasion (right hand)
 y - an uncursed ring of fire
 P - a ring of protection from magic (left hand)
Wands
 e - a wand of enslavement (16/24)
 R - a wand of iceblast (4/15)
 S - a wand of confusion (26/48)
Scrolls
 g - 6 scrolls of identify
 s - 5 scrolls of remove curse
 w - 2 scrolls of fog
 E - 3 scrolls of magic mapping
 G - a scroll of recharging
 J - 2 scrolls of fear
Potions
 a - a potion of flight
 c - a potion of ambrosia
 f - 4 potions of agility
 i - 2 potions of might
 j - 6 potions of curing
 r - a potion of invisibility
 B - 8 potions of heal wounds
 D - a potion of magic
Miscellaneous
 M - a plain deck of summoning {drawn: 2}
Comestibles
 d - 4 bread rations
 k - 6 meat rations
 m - a chunk of flesh
 C - 5 slices of pizza
 F - 18 fruits


   Skills:
 + Level 4.1 Fighting
 * Level 7.2(7.7) Short Blades
 + Level 3.7(6.0) Long Blades
 + Level 4.0 Armour
 + Level 5.7 Dodging
 * Level 9.7 Stealth
 * Level 7.7 Shields
 + Level 9.5 Spellcasting
 + Level 3.8 Conjurations
 + Level 1.1 Transmutations
 * Level 11.8 Earth Magic
 + Level 0.4 Evocations


You had 16 spell levels left.
You knew the following spells:

 Your Spells              Type           Power        Failure   Level  Hunger
a - Sandblast             Erth           ######       1%          1    None
b - Passwall              Trmt/Erth      #####.....   1%          2    None
c - Stone Arrow           Conj/Erth      ######       1%          3    None
d - Petrify               Trmt/Erth      #####...     4%          4    None
e - Lee's Rapid Deconstr  Erth           ######....   1%          5    ####...


Dungeon Overview and Level Annotations

Branches:
Dungeon (11/15)            Temple (1/1) D:4            Lair (3/8) D:11
    Orc (0/2) D:10
  Swamp: Lair:3-6    Shoals: Lair:3-6     Snake: Lair:3-6    Spider: Lair:3-6

Altars:
Ashenzari
Cheibriados
Dithmenos
Elyvilon
Fedhas
Gozag
Kikubaaqudgha
Makhleb
Nemelex Xobeh
Okawaru
Pakellas
Qazlal
Ru
Sif Muna
Trog
Vehumet
Xom
Yredelemnul
Zin
The Shining One

Shops:
D:6 ![}   D:8 ?   D:10 *

Annotations:
D:7 Nitz's ghost, novice VSCK
D:8 exclusion: 2 doors
D:10 exclusion: obsidian statue
Lair:3 exclusion: 3 oklob plants


Innate Abilities, Weirdness & Mutations

You are under a permanent stasis effect.
You can dig through walls and to a lower floor.
Your four strong arms can wield two-handed weapons with a shield.
You have a pair of large antennae on your head (SInv).
Your mind is acute. (Int +2)
You are resistant to electric shocks.


Message History

Dithmenos accepts your kill. The river rat bites you.
The oklob plant spits acid at you. You block the splash of acid.
You slash the river rat!
You kill the river rat!
Dithmenos accepts your kill. The oklob plant spits acid at you.
The splash of acid hits you!
The acid burns!
Found two stone staircases leading down.
The oklob plant spits acid at you. The splash of acid hits you!
The acid corrodes you!
The acid burns!
The oklob plant spits acid at you. The splash of acid hits you!
The acid corrodes you!
The acid burns!
* * * LOW HITPOINT WARNING * * *
The oklob plant spits acid at you. The splash of acid hits you!
* * * LOW HITPOINT WARNING * * *
The acid corrodes you!
The acid burns!
You die...

........##########.........#
........#PPPPPP# #.........#
........#≈≈≈≈≈≈# #.........#
........#≈....≈# #.........#
........#......###.........#
........#†.......#..........
....<.....'.......>#..........
...........#.......>#.........#
..♣.♣♣.....#..@...###...^......
.≈.≈.≈.....#≈....≈# #.....†...#
.≈.≈.≈.♣...#≈≈≈≈≈≈# #.....††..#
≈.≈.≈...♣..#PPPPPP# #.........#
.≈.≈.≈.≈≈..##########..........
≈≈.≈..≈.......)...............#
..≈.≈≈.≈≈.>....................
≈≈.≈..≈.......................#
..≈.≈≈.≈≈......................


You could see 3 oklob plants.

Vanquished Creatures
  A hydra (Lair:2)
  An unseen horror (D:10)
  2 hill giants
  Pikel (D:6)
  A cyclops (D:11)
  2 black mambas (Lair:1)
  2 komodo dragons (Lair:1)
  2 spiny frogs (Lair:1)
  2 kobold demonologists (D:11)
  A two-headed ogre (D:9)
  Grinder (D:3)
  Sigmund (D:6)
  A wraith (D:11)
  A wyvern (D:8)
  Eustachio (D:7)
  15 yaks
  2 basilisks
  2 hungry ghosts
  3 hippogriffs
  2 water moccasins
  6 porcupines
  4 black bears
  A phantom (D:4)
  6 orc warriors
  2 ice beasts
  8 ogres
  A necrophage (D:11)
  7 centaurs
  10 wolves
  5 sky beasts
  3 crocodiles
  Blork the orc (D:8)
  4 big kobolds
  A wyvern zombie (D:11)
  7 giant frogs
  A gnoll sergeant (D:8)
  6 scorpions
  5 wights
  15 killer bees
  An electric eel (Lair:3)
  3 howler monkeys (D:10)
  2 centaur zombies
  3 crimson imps
  2 giant frog zombies
  A quasit (D:8)
  7 hounds
  3 jellies
  2 giant frog skeletons
  8 orc priests
  Crazy Yiuf (D:2)
  9 orc wizards
  Terence (D:2)
  8 iguanas
  12 worker ants
  2 sheep (D:8)
  A hound zombie (D:10)
  3 hound skeletons
  A worker ant zombie (D:5)
  13 gnolls
  13 adders
  39 river rats
  2 shadow imps
  4 oozes
  An adder zombie (D:7)
  An adder skeleton (D:9)
  2 worms
  A dart slug (D:4)
  7 giant geckos
  41 orcs
  9 bats
  7 giant cockroaches
  6 goblins
  9 hobgoblins
  13 jackals
  15 kobolds
  A quokka (D:2)
  A ball python skeleton (D:3)
  A giant gecko skeleton (D:5)
  A giant gecko zombie (D:5)
  3 giant newts (D:1)
  A quokka skeleton (D:4)
  A quokka zombie (D:7)
  9 rats
408 creatures vanquished.

Vanquished Creatures (collateral kills)
  The ghost of humperndinck the Blocker, a journeyman FoFi of Okawaru (D:10)
  A giant frog (D:10)
  A howler monkey (D:10)
3 creatures vanquished.

Vanquished Creatures (others)
  3 slaves (D:6)
  A centaur skeleton (D:6)
  A worm (D:6)
  A plant (D:8)
6 creatures vanquished.

Grand Total: 417 creatures vanquished

Notes
Turn   | Place    | Note
--------------------------------------------------------------
     0 | D:1      | SofaKingKewl the Formicid Earth Elementalist began the quest for the Orb.
     0 | D:1      | Reached XP level 1. HP: 13/13 MP: 3/3
   359 | D:1      | Reached XP level 2. HP: 19/19 MP: 3/5
   363 | D:1      | Learned a level 2 spell: Passwall
   477 | D:1      | Reached skill level 4 in Earth Magic
   670 | D:1      | Reached XP level 3. HP: 24/24 MP: 4/6
   680 | D:1      | Learned a level 3 spell: Stone Arrow
  1697 | D:2      | Reached XP level 4. HP: 30/30 MP: 4/8
  1799 | D:2      | Found a stormy altar of Qazlal.
  1801 | D:2      | Found a glowing silver altar of Zin.
  1927 | D:2      | Noticed Terence
  1959 | D:2      | Killed Terence
  2455 | D:2      | Reached skill level 1 in Short Blades
  2456 | D:2      | Reached XP level 5. HP: 35/35 MP: 6/9
  2462 | D:2      | Learned a level 4 spell: Petrify
  2514 | D:2      | Noticed Crazy Yiuf
  2525 | D:2      | Killed Crazy Yiuf
  2525 | D:2      | Reached skill level 5 in Earth Magic
  3306 | D:3      | Found an ancient bone altar of Kikubaaqudgha.
  3683 | D:3      | Found a shimmering altar of Xom.
  3683 | D:3      | Found a glowing golden altar of the Shining One.
  3685 | D:3      | Found a white marble altar of Elyvilon.
  3686 | D:3      | Found a radiant altar of Vehumet.
  3687 | D:3      | Found a bloodstained altar of Trog.
  3869 | D:3      | Noticed an ogre
  3873 | D:3      | Killed an ogre
  3873 | D:3      | Reached XP level 6. HP: 41/41 MP: 6/11
  4087 | D:3      | Noticed Grinder
  4123 | D:3      | Killed Grinder
  4123 | D:3      | Reached skill level 1 in Shields
  4123 | D:3      | Reached XP level 7. HP: 39/46 MP: 3/14
  4135 | D:3      | Learned a level 5 spell: Lee's Rapid Deconstruction
  4385 | D:4      | Reached skill level 6 in Earth Magic
  5312 | D:4      | Reached skill level 5 in Spellcasting
  5682 | D:4      | Found a staircase to the Ecumenical Temple.
  5687 | Temple   | Entered the Ecumenical Temple
  5710 | Temple   | Became a worshipper of Dithmenos the Shadowed
  5878 | D:4      | Reached XP level 8. HP: 52/52 MP: 8/16
  6132 | D:4      | Found an opulent altar of Gozag.
  6133 | D:4      | Found a sparkling altar of Nemelex Xobeh.
  6275 | D:5      | Entered Level 5 of the Dungeon
  7077 | D:4      | Reached skill level 1 in Conjurations
  7085 | D:4      | Reached skill level 7 in Earth Magic
  7423 | D:5      | Reached * piety under Dithmenos
  7731 | D:6      | Found Eqavix's Armour Emporium.
  7762 | D:6      | Noticed Sigmund
  7775 | D:6      | Killed Sigmund
  7775 | D:6      | Reached XP level 9. HP: 40/57 MP: 0/18
  7793 | D:6      | Reached skill level 5 in Stealth
  7801 | D:6      | Found Zorch's Gadget Shop.
  7951 | D:6      | Reached skill level 1 in Armour
  8664 | D:6      | Reached skill level 8 in Earth Magic
  8794 | D:6      | Found Vemiffas's Distillery.
  8797 | D:6      | Noticed Pikel
  8820 | D:6      | Killed Pikel
  8833 | D:6      | Bought a potion of heal wounds for 60 gold pieces
  8833 | D:6      | Bought a potion of heal wounds for 60 gold pieces
  8833 | D:6      | Bought a potion of curing for 36 gold pieces
  9508 | D:7      | Noticed Nitz's ghost (novice VSCK)
 10422 | D:7      | Noticed a hill giant
 10427 | D:7      | Killed a hill giant
 10427 | D:7      | Reached skill level 1 in Fighting
 10427 | D:7      | Reached skill level 9 in Earth Magic
 10427 | D:7      | Reached XP level 10. HP: 57/65 MP: 11/21
 11140 | D:8      | Noticed Eustachio
 11140 | D:8      | Noticed Blork the orc
 11214 | D:7      | Killed Eustachio
 11712 | D:8      | Killed Blork the orc
 11712 | D:8      | Reached ** piety under Dithmenos
 12230 | D:8      | Got a transparent great sword
 12232 | D:8      | Identified the +8 great sword of Conscience {drain, *Noise rF+ rN+ Int+6} (You found it on level 8 of the Dungeon)
 12676 | D:8      | Found a blossoming altar of Fedhas.
 12779 | D:8      | Reached skill level 5 in Short Blades
 12785 | D:8      | Reached skill level 10 in Earth Magic
 13068 | D:8      | Found Luciugur's Magic Scroll Shop.
 13076 | D:8      | Bought a scroll of identify for 20 gold pieces
 13076 | D:8      | Bought a scroll of identify for 20 gold pieces
 13076 | D:8      | Bought a scroll of identify for 20 gold pieces
 13082 | D:8      | Gained mutation: Your mind is acute. (Int +2) [potion of beneficial mutation]
 13187 | D:8      | Reached skill level 5 in Shields
 13257 | D:9      | Reached XP level 11. HP: 42/72 MP: 13/23
 13310 | D:9      | Reached skill level 1 in Long Blades
 14754 | D:9      | Identified the Almanac of the Aerial Entourage
 15263 | D:10     | Entered Level 10 of the Dungeon
 15274 | D:10     | Noticed humperndinck's ghost (journeyman FoFi)
 15292 | D:10     | Killed humperndinck's ghost
 15313 | D:10     | Reached *** piety under Dithmenos
 15383 | D:10     | Got a bloodstained great mace {drain}
 15591 | D:10     | Noticed a hill giant
 15595 | D:10     | Noticed an unseen horror
 15601 | D:10     | Killed a hill giant
 15604 | D:10     | Found a staircase to the Orcish Mines.
 15610 | D:10     | Killed an unseen horror
 15679 | D:10     | Found Puorphuf's General Store.
 15688 | D:10     | Bought 2 potions of heal wounds for 110 gold pieces
 15688 | D:10     | Bought a potion of heal wounds for 55 gold pieces
 15688 | D:10     | Bought a potion of heal wounds for 55 gold pieces
 15776 | D:10     | Identified the +5 great mace of Righteous Anger {drain, SInv} (You took it off an orc on level 10 of the Dungeon)
 15994 | D:10     | Noticed an obsidian statue
 16465 | D:11     | Found a staircase to the Lair.
 16470 | D:11     | Noticed a cyclops
 16486 | D:11     | Killed a cyclops
 16489 | D:11     | Reached XP level 12. HP: 22/81 MP: 21/25
 17059 | D:11     | Reached **** piety under Dithmenos
 17080 | D:11     | Reached skill level 11 in Earth Magic
 17623 | D:11     | Found a deep blue altar of Sif Muna.
 17738 | D:11     | Reached skill level 5 in Dodging
 18340 | Lair:1   | Entered Level 1 of the Lair of Beasts
 18348 | Lair:1   | Got a pitted copper ring
 18360 | Lair:1   | Identified the ring "Qurerih" {MR+ MP-9 AC+4 Dex+4} (You found it on level 1 of the Lair of Beasts)
 19827 | Lair:2   | Noticed a five-headed hydra
 19838 | Lair:2   | Killed a five-headed hydra
 20955 | Lair:3   | Reached ***** piety under Dithmenos
 20959 | Lair:3   | Noticed a six-headed hydra
 21049 | Lair:3   | Gained mutation: You are resistant to electric shocks. [potion of beneficial mutation]
 21074 | Lair:3   | Reached XP level 13. HP: 73/88 MP: 26/26
 21207 | Lair:3   | Splashed by an oklob plant's acid

Skill      XL: |  1  2  3  4  5  6  7  8  9 10 11 12 |
---------------+-------------------------------------+-----
Earth Magic    | 4 5 6 7 9 10 11 | 11.8
Spellcasting   | 3 4 5 6 7 8 9 |  9.5
Dodging        | 2 3 4 5 |  5.7
Stealth        | 3 4 6 7 8 9 |  9.7
Short Blades   | 1 2 3 4 5 6 7 |  7.2
Shields        | 1 2 3 4 5 6 7 |  7.7
Conjurations   | 1 2 3 |  3.8
Armour         | 2 3 4 |  4.0
Fighting       | 1 3 4 |  4.1
Long Blades    | 2 3 |  3.7
Transmutations | |  1.1
Evocations     | |  0.4

Action                   |  1- 3 |  4- 6 |  7- 9 | 10-12 | 13-15 || total
-------------------------+-------+-------+-------+-------+-------++-------
Melee: Unarmed           |    13 |       |       |       |       ||    13
       Short sword       |    14 |    22 |   124 |    15 |       ||   175
       Spear             |     6 |       |       |       |       ||     6
       Great sword       |       |       |       |   415 |    17 ||   432
       Rapier            |       |       |       |    16 |       ||    16
 Cast: Sandblast         |    36 |    42 |   106 |    23 |       ||   207
       Stone Arrow       |     4 |    16 |    88 |   232 |     2 ||   342
       Lee's Rapid Decon |       |       |       |     4 |       ||     4
 Abil: Dig               |       |       |       |    16 |       ||    16
Evoke: Deck              |       |       |       |     2 |       ||     2
  Use: Scroll            |     4 |     5 |     8 |    11 |       ||    28
       Potion            |       |       |       |     6 |       ||     6
 Stab: Sleeping          |       |       |     2 |    11 |     1 ||    14
       Distracted        |       |       |       |     3 |       ||     3
  Eat: Chunk             |     2 |    10 |    13 |    30 |     1 ||    56
       Pizza             |     1 |       |       |     2 |       ||     3
       Royal jelly       |       |       |     1 |     1 |       ||     2
       Bread ration      |       |       |     2 |       |       ||     2
       Beef jerky        |       |       |       |     1 |       ||     1
Armor: Robe              |    19 |    14 |     3 |       |       ||    36
       Leather armour    |       |       |    45 |   146 |     4 ||   195
Dodge: Dodged            |    43 |    51 |   132 |   618 |    28 ||   872
Block: Buckler           |       |       |    37 |   186 |    10 ||   233
